Map: Ever Dream LE

Players

Exehn - Winner!

  • Race: Protoss Protoss
  • League: Master
  • Spawn Location: 1:00

ACinfr

  • Race: Terran Terran
  • League: Master
  • Spawn Location: 7:00

VOD

Have the link to the VOD?

Description

Time

  • Played on: Aug. 17, 2020, 5:11 a.m.
  • Length: 6:21
Show
View Real Time Build Order
Export as new Build Order

Exehn Protoss - Winner!

Build Orders: 1 Gate Expand, Dark Templar Rush 

Get SALT Encoding   

  12  0:00  Probe  
  13  0:12  Probe  
  14  0:19  Pylon  
  14  0:24  Probe  
  15  0:37  Probe (Chrono Boost)  
  16  0:43  Gateway  
  16  0:49  Probe (Chrono Boost)  
  17  0:50  Assimilator  
  17  0:56  Probe (Chrono Boost)  
  18  1:03  Probe  
  19  1:15  Probe  
  20  1:30  Cybernetics Core  
  20  1:35  Nexus  
  20  1:41  Pylon  
  20  1:43  Probe  
  21  1:49  Assimilator  
  21  1:56  Probe  
  22  2:04  Stalker (Chrono Boost)  
  24  2:08  Warp Gate  
  24  2:09  Probe  
  25  2:21  Probe  
  26  2:25  Twilight Council  
  26  2:33  Probe  
  27  2:48  Robotics Facility, Probe (Chrono Boost)  
  27  2:50  Probe (Chrono Boost)  
  29  2:53  Gateway  
  29  2:57  Probe (Chrono Boost)  
  31  3:00  Probe (Chrono Boost)  
  31  3:02  Assimilator, Probe (Chrono Boost)  
  32  3:10  Probe  
  33  3:14  Probe  
  33  3:17  Dark Shrine  
  34  3:21  Pylon  
  34  3:24  Probe  
  35  3:28  Probe  
  35  3:31  Warp Prism (Chrono Boost)  
  36  3:37  Probe  
  36  3:40  Probe  
  40  3:49  Pylon, Probe  
  40  3:52  Probe  
  42  3:59  Pylon, Observer (Chrono Boost)  
  42  4:01  Probe  
  44  4:04  Assimilator, Probe  
  45  4:14  Probe  
  45  4:16  Probe  
  47  4:26  Probe  
  47  4:28  Probe  
  47  4:29  Shadow Stride (Chrono Boost), Dark Templar x2  
  53  4:38  Probe  
  54  4:39  Gateway  
  54  4:40  Probe  
  54  4:42  Gateway  
  55  4:50  Pylon, Probe  
  56  4:54  Gateway  
  56  4:55  Gateway  
  54  5:04  Dark Templar x2  
  58  5:08  Observer  
  58  5:24  Probe  
  53  5:30  Probe  
  54  5:36  Probe  
  54  5:37  Stalker x2  
  59  5:46  Pylon  
  59  5:56  Dark Templar x4  
  67  6:01  Pylon  
  67  6:03  Dark Templar  
  69  6:06  Pylon  
  67  6:18  Dark Templar  
Show
View Real Time Build Order
Export as new Build Order

ACinfr Terran 

Build Orders: Reaper Expand 

Get SALT Encoding   

  12  0:00  SCV  
  13  0:12  SCV  
  14  0:17  Supply Depot  
  14  0:24  SCV  
  15  0:38  SCV  
  15  0:40  Barracks  
  16  0:46  Refinery  
  16  0:50  SCV  
  17  1:02  SCV  
  18  1:14  SCV  
  19  1:27  Orbital Command  
  19  1:28  Reaper  
  20  1:46  Command Center  
  20  1:52  Supply Depot  
  20  1:53  SCV  
  21  2:00  Marine  
  22  2:05  Refinery  
  22  2:07  SCV  
  23  2:15  Factory  
  23  2:20  SCV  
  24  2:32  SCV  
  25  2:42  Barracks Reactor  
  25  2:44  SCV  
  25  2:54  Command Center  
  25  2:56  SCV  
  26  2:59  Orbital Command  
  26  3:05  Widow Mine  
  28  3:12  Starport  
  28  3:17  Orbital Command, SCV  
  28  3:18  Marine  
  28  3:19  Marine  
  31  3:29  SCV  
  31  3:31  Widow Mine  
  34  3:36  Marine  
  34  3:37  Marine  
  36  3:41  SCV  
  36  3:43  SCV  
  38  3:49  Medivac  
  38  3:53  SCV, Widow Mine  
  38  3:54  Marine  
  38  3:55  Marine, SCV  
  46  4:05  SCV  
  46  4:07  Supply Depot  
  48  4:12  Orbital Command  
  48  4:13  SCV  
  48  4:15  Factory Tech Lab, Marine  
  48  4:16  Barracks  
  49  4:18  SCV  
  49  4:21  Starport Tech Lab  
  50  4:27  SCV  
  50  4:30  SCV  
  52  4:34  Refinery  
  52  4:35  Marine x2, Supply Depot  
  52  4:36  Supply Depot  
  54  4:39  SCV  
  54  4:40  Raven  
  54  4:43  Siege Tank  
  53  4:56  Marine x2  
  53  4:58  SCV  
  56  5:02  SCV  
  54  5:29  SCV x2  
  56  5:35  SCV  
  56  5:41  Marine x2, SCV  
  60  5:43  Barracks, SCV  
  60  5:45  Barracks  
  60  5:48  SCV  
  62  5:52  Starport Reactor  
  62  5:53  Marine, SCV  
  64  6:02  SCV  
  65  6:05  Engineering Bay  
  65  6:07  SCV  
Tags
 
Add a new tag
Caveats
  • Supply blocks, unpowered buildings, or Contaminate may cause inaccurate times.
  • Supply counts are checked every 10 seconds.